 Dungeon Crawl Stone Soup version 0.18-a0-721-g8fc53f4 (webtiles) character file.

148934 M4edhros the Unseen (level 17, -6/116 HPs)
             Began as an Octopode Artificer on Dec 8, 2015.
             Was a High Priest of Fedhas.
             Killed from afar by a deep elf sorcerer (50 damage)
             ... with a blast of hellfire
             ... on level 3 of the Elven Halls.
             The game lasted 02:25:02 (33513 turns).

M4edhros the Unseen (Octopode Artificer)           Turns: 33513, Time: 02:25:02

Health: -6/116     AC:  8    Str: 24      XL:     17   Next: 50%
Magic:  39/39      EV: 19    Int: 18 (20) God:    Fedhas [*****.]
Gold:   115        SH: 14    Dex: 15 (16) Spells: 8 memorised, 4 levels left

rFire  + . .     SeeInvis .     E - +8 rod of inaccuracy (5/17)
rCold  + . .     Rnd*Rage +     t - +1 shield {rC+}
rNeg   . . .     SustAt   .     J - +0 hat "Maghys" {MP+9 Str+4}
rPois  .         Gourm    +     m - amulet of the gourmand
rElec  .         Spirit   .     r - ring of protection from fire
rCorr  .         Dismiss  .     i - +5 ring of strength
rMut   .         Stasis   .     j - +2 ring of intelligence
MR     +....                    g - +5 ring of strength
Stlth  +++++++++.               (no ring)
                                Z - ring of wizardry
                                I - ring of invisibility
                                u - +2 ring of evasion

@: very slightly contaminated, repel missiles, somewhat resistant to hostile
enchantments, incredibly stealthy
A: almost no armour, amphibious, 8 rings, constrict 8, tentacle spike 1,
iridescent scales 1, rugged brown scales 1, thin metallic scales 1, camouflage
1, agile 1, berserk 1, blink, deterioration 1, dopey 1, frail 1, robust 2, wild
magic 1, gelatinous body 1
a: Blink, Evolution, Sunlight, Growth, Reproduction, Rain, Renounce Religion,
Evoke Invisibility


You were on level 3 of the Elven Halls.
You worshipped Fedhas.
Fedhas was extremely pleased with you.
You were hungry.

You visited 5 branches of the dungeon, and saw 31 of its levels.
You visited the Abyss 1 time.
You visited 2 bazaars.
You also visited: Bailey and Ice Cave.

You collected 3659 gold pieces.
You spent 3544 gold pieces at shops.

Inventory:

Hand Weapons
 d - a +2 hunting sling of flaming
 s - a +2 hunting sling of velocity
 K - the +1 rapier "Demon's Regret" {flame, +Blink +Fly}
   (You found it on level 2 of the Lair of Beasts)

   It has been specially enchanted to burn those struck by it, causing extra
   injury to most foes and up to half again as much damage against particularly
   susceptible opponents.
   It lets you fly.
   It lets you blink.
 L - a +5 vampiric rapier
 P - a +1 trident of protection
Missiles
 h - 623 stones (quivered)
 o - 106 sling bullets
 B - 21 exploding sling bullets
 C - 15 sling bullets of flame
Armour
 t - a +1 shield of cold resistance (worn)
 J - the +0 hat "Maghys" (worn) {MP+9 Str+4}
   (You acquired it on level 13 of the Dungeon)

   It affects your strength (+4).
   It affects your magic capacity (+9).
Rods
 E - a +8 rod of inaccuracy (5/17) (weapon)
   (You found it on level 1 of the Lair of Beasts)
 F - a +3 rod of shadows (12/15)
   (You bought it in a shop on level 14 of the Dungeon)
 O - a -3 lightning rod (8/13)
   (You bought it in a shop in a bazaar)
Jewellery
 g - a +5 ring of strength (on tentacle)
 i - a +5 ring of strength (right tentacle)
 j - a +2 ring of intelligence (on tentacle)
 m - an amulet of the gourmand (around mantle)
 n - an uncursed amulet of clarity
 r - a ring of protection from fire (left tentacle)
 u - a +2 ring of evasion (on tentacle)
 I - a ring of invisibility (on tentacle)
 S - the ring of Xomi {+/*Tele rF+ Int+8 SInv}
   (You found it on level 3 of the Elven Halls)

   [ring of teleportation]

   It may teleport you next to monsters, and can be evoked to randomly teleport.
   It affects your intelligence (+8).
   It protects you from fire.
   It lets you see invisible.
 Z - a ring of wizardry (on tentacle)
Wands
 a - a wand of disintegration (16)
 c - a wand of enslavement (11)
 q - a wand of disintegration (6)
 z - a wand of digging (16)
 R - a wand of teleportation (4)
 U - a wand of fire (6)
 W - a wand of paralysis (14)
Scrolls
 b - a scroll of enchant weapon
 f - a scroll of enchant armour
 k - 4 scrolls of fog
 p - a scroll of identify
 y - 7 scrolls of teleportation
 D - 9 scrolls of fear
Potions
 l - a potion of haste
 v - 12 potions of curing
 G - a potion of invisibility
 M - 3 potions of might
 V - 3 potions of agility
Miscellaneous
 w - a legendary deck of defence {the Elixir}
Comestibles
 x - 27 fruits
 H - 17 bread rations


   Skills:
 - Level 5.2 Fighting
 - Level 1.0 Short Blades
 - Level 10.3 Slings
 + Level 9.4 Dodging
 + Level 15.3 Stealth
 * Level 10.4 Shields
 + Level 9.8 Spellcasting
 + Level 6.8 Conjurations
 + Level 8.2 Charms
 - Level 4.4 Fire Magic
 - Level 6.0 Air Magic
 + Level 6.8 Poison Magic
 + Level 10.1 Invocations
 * Level 13.8 Evocations


You had 4 spell levels left.
You knew the following spells:

 Your Spells              Type           Power        Failure   Level  Hunger
a - Mephitic Cloud        Conj/Pois/Air  #####...     2%          3    None
b - Repel Missiles        Chrm/Air       ######       1%          2    None
c - Conjure Flame         Conj/Fire      #####...     4%          3    None
d - Summon Butterflies    Summ           ##......     12%         1    None
e - Poisonous Cloud       Conj/Pois/Air  #####.....   83%         6    ######.
f - Statue Form           Trmt/Erth      ##.......    100%        6    ######.
g - Leda's Liquefaction   Hex/Erth       ##........   87%         4    ###....
h - Iron Shot             Conj/Erth      ####......   99%         6    ######.


Dungeon Overview and Level Annotations

Branches:
Dungeon (15/15)            Temple (1/1) D:4            Lair (8/8) D:9
 Shoals (0/4) Lair:5       Spider (0/4) Lair:5        Slime (0/6) Lair:7
    Orc (4/4) D:12            Elf (3/3) Orc:3        Vaults (0/5) D:13
 Depths (0/5) D:15

Altars:
Ashenzari
Cheibriados
Dithmenos
Elyvilon
Fedhas
Gozag
Kikubaaqudgha
Makhleb
Nemelex Xobeh
Okawaru
Pakellas
Qazlal
Ru
Sif Muna
Trog
Vehumet
Xom
Yredelemnul
Zin
The Shining One
Beogh
Jiyva

Shops:
D:5 (   D:7 *   D:14 [=}   Orc:4 (:[*   Elf:1 %

Annotations:
Elf:3 exclusion: hyperactive ballistomycete


Innate Abilities, Weirdness & Mutations

You cannot wear most types of armour.
You are amphibious.
You can wear up to eight rings at the same time.
You can use your tentacles to constrict eight enemies at once.
Your skin changes colour to match your surroundings (Stealth).
Your rubbery body absorbs attacks (AC +1).
One of your tentacles bears a spike.
You are partially covered in iridescent scales (AC +4).
You are partially covered in rugged brown scales (AC +1, +3% HP).
You are partially covered in thin metallic scales (AC +2).
You are agile. (Dex +2)
You can translocate small distances at will.
Your body sometimes deteriorates upon taking damage.
You are very robust (+20% HP).
Your spells are a little harder to cast, but a little more powerful.
[You tend to lose your temper in combat.]
[You are dopey. (Int -2)]
[You are frail (-10% HP).]


Message History

Blink to where?
Press: ? - help, Dir - move target cursor You are very lightly contaminated with residual magic.
As you read the scroll of blinking, it crumbles to dust.
A starcursed mass splits.
Wield which item (- for none, * to show all)? (? for menu, Esc to quit)
You feel less protected.
E - a +8 rod of inaccuracy (4/17) (weapon)
A chorus of shrieks assaults your mind. Fedhas protects your plant from harm.
The explosion of spores engulfs the starcursed mass.
The starcursed mass is lightly damaged.
Fedhas protects your plant from harm. x2
The starcursed mass shudders and is absorbed by its neighbour.
The starcursed mass shrieks in your mind.
The deep elf sorcerer gestures at you while chanting.
The hellfire explodes!
The blast of hellfire engulfs you!
You die...
Xom titters!
Fedhas appreciates your contribution to the ecosystem.

#.........#..# #.#
############.# ###
#(# #P# #.# #.# #f#
#.# ## ###@### ...##
###≈≈([.###
.....###≈≈≈≈≈))..###
...e..e.?≈≈≈≈≈≈....e.
.......P[[[≈(≈)P.....
.....e.PX.≈≈≈≈≈......
...P......≈≈#≈≈..[...
...ePP.P...###.......
*...........#........


You could see a starcursed mass, a deep elf annihilator, a deep elf sorcerer, a
deep elf high priest, a friendly hyperactive ballistomycete and a friendly
wandering mushroom.

Vanquished Creatures
  Nikola (Elf:1)
  Rupert (Lair:7)
  2 deep elf blademasters (Elf:3)
  A deep elf master archer (Elf:3)
  A tengu reaver (D:14)
  6 deep elf sorcerers
  2 deep elf demonologists (Elf:3)
  Azrael (D:15)
  4 deep elf annihilators (Elf:3)
  An ettin (D:14)
  3 deep elf death magi
  A vault guard (D:13)
  The ghost of crawlian the Grappler, a journeyman DrMo of Pakellas (Lair:7)
  Fannar (Orc:1)
  8 hydras
  3 catoblepae
  2 centaur warriors
  2 tengu warriors (D:13)
  An iron giant skeleton (D:15)
  A death yak (Lair:3)
  2 orc high priests (Orc:4)
  2 ogre magi
  A wandering mushroom (Orc:4)
  The ghost of stickyfingers the Spear-Bearer, a journeyman VSAs of Okawaru (D:10)
  11 deep elf knights
  A wretched star (Abyss:2)
  An unseen horror (shapeshifter) (Abyss:2)
  A skeletal warrior (D:15)
  6 unseen horrors
  7 deep elf summoners
  7 hill giants
  5 deep elf conjurers (Elf:1)
  2 wizards
  3 necromancers
  6 ugly things
  A manticore (D:14)
  A griffon (D:13)
  7 cyclopes
  A wolf spider (shapeshifter) (Elf:1)
  6 orc sorcerers
  A harpy (shapeshifter) (Elf:1)
  3 orc knights (Orc:4)
  A faun (shapeshifter) (Elf:3)
  15 elephants
  2 black mambas
  A spiny frog (shapeshifter) (D:14)
  2 sirens (Lair:5)
  18 spiny frogs
  3 ice statues (IceCv)
  A gargoyle (D:15)
  A kobold demonologist (D:12)
  A torpor snail (Lair:7)
  10 komodo dragons
  A yaktaur (D:13)
  2 fire drakes
  6 ice devils (IceCv)
  A deep elf priest (Elf:1)
  2 giant leeches (Lair:8)
  A wolf spider simulacrum (D:13)
  A two-headed ogre (Orc:2)
  2 tengu conjurers
  3 trolls
  2 polar bears
  A large abomination (Abyss:2)
  14 blink frogs
  2 merfolk
  6 slime creatures
  7 deep elf magi
  A wraith (D:15)
  5 shadows
  11 humans (D:13)
  A redback (Lair:5)
  2 trapdoor spiders (Lair:5)
  An ice dragon skeleton (D:15)
  46 yaks
  A wyvern (D:7)
  3 fire elementals (D:15)
  4 vampire mosquitoes (Lair:8)
  7 deep elf fighters
  3 basilisks
  2 mottled dragons
  4 hippogriffs
  5 wolves
  A hell hound (D:15)
  2 soldier ants (D:11)
  3 hungry ghosts
  13 water moccasins
  25 orc warriors
  8 porcupines
  2 wasps
  A black bear (D:12)
  3 eyes of draining
  2 sky beasts
  A phantom (D:8)
  11 ogres
  12 centaurs
  A big kobold (D:8)
  25 giant frogs
  An elf skeleton (D:15)
  8 crocodiles
  A wyvern skeleton (D:6)
  3 scorpions
  4 electric eels
  7 killer bees
  2 small abominations (Abyss:2)
  3 wights (D:6)
  2 draconian simulacra (IceCv)
  Crazy Yiuf (D:4)
  14 iguanas
  4 crimson imps
  3 centaur skeletons
  8 hounds
  4 jellies
  21 orc priests
  4 two-headed ogre zombies (Orc:3)
  A gnoll shaman (D:8)
  14 orc wizards
  5 giant frog skeletons
  3 troll simulacra (IceCv)
  A human skeleton (D:15)
  9 worker ants
  Natasha (thrice) (D:3 D:4)
  10 two-headed ogre skeletons (Orc:3)
  28 sheep
  2 centaur simulacra (IceCv)
  2 hound skeletons
  Robin (D:3)
  27 gnolls
  9 adders
  47 river rats
  3 naga simulacra (IceCv)
  3 shadow imps
  2 oozes
  An adder skeleton (D:6)
  2 worms
  3 giant geckos
  154 orcs
  3 giant cockroaches
  16 goblins
  5 hobgoblins
  22 jackals
  23 kobolds
  4 quokkas
  A ball python (D:1)
  9 bats
  4 giant newts
  An orc zombie (D:15)
  6 rats
  A ballistomycete (Orc:4)
  A crawling corpse (Elf:1)
  A giant spore (Elf:3)
  3 toadstools (Orc:4)
951 creatures vanquished.

Vanquished Creatures (collateral kills)
  A deep elf blademaster (Elf:1)
  An orc warlord (Orc:4)
  A vault guard (D:13)
  A deep elf death mage (Elf:1)
  The ghost of M4edhros the Covert, a journeyman OpAr of Fedhas (Orc:4)
  3 wandering mushrooms
  The ghost of George the Carver, a novice DsFi of Okawaru (D:9)
  2 death yaks (Lair:3)
  A deep elf summoner (Elf:1)
  Pikel (D:8)
  2 deep elf conjurers (Elf:1)
  An orc knight (Orc:4)
  The ghost of cireshan the Thaumaturge, a novice DECj (D:8)
  A necromancer (D:13)
  2 orc sorcerers (Orc:4)
  5 elephants
  A black mamba (Lair:6)
  8 spiny frogs
  A centaur skeleton (D:15)
  A gargoyle (D:11)
  A komodo dragon (Lair:7)
  A jumping spider (Lair:5)
  A deep elf priest (Elf:1)
  A fire drake (D:9)
  2 giant leeches (Lair:8)
  A two-headed ogre (D:6)
  A merfolk (Lair:5)
  2 slime creatures (D:15)
  18 blink frogs
  A basilisk (Lair:5)
  12 yaks
  3 deep elf magi
  2 deep elf fighters (Elf:1)
  A chaos spawn (Abyss:2)
  A fire elemental (D:15)
  A hippogriff (Lair:3)
  6 humans (D:13)
  3 wolves
  A wraith (D:15)
  A hungry ghost (D:15)
  3 wargs (Orc:4)
  4 vampire mosquitoes
  5 porcupines
  3 water moccasins
  2 ice beasts
  A hell hound (D:15)
  9 orc warriors
  A sky beast (D:15)
  4 ogres
  A centaur (shapeshifter) (Elf:1)
  2 centaurs
  2 wasps
  5 crocodiles
  14 giant frogs
  A small abomination (Abyss:2)
  A wyvern skeleton (D:9)
  A killer bee (D:13)
  A crimson imp (D:10)
  2 hounds
  A giant frog zombie (D:12)
  7 orc priests
  4 gnoll shamans (D:5)
  7 orc wizards
  2 iguanas
  A quasit (D:8)
  3 sheep
  A hound zombie (D:7)
  A hound skeleton (D:5)
  18 gnolls (D:5)
  An adder (D:6)
  10 river rats
  42 orcs
  9 bats
  A goblin (Bailey)
  6 jackals (D:5)
  2 kobolds
  A crawling corpse (Elf:1)
  14 giant spores
  4 toadstools
293 creatures vanquished.

Vanquished Creatures (others)
  4 oklob plants
  A deep elf knight (Elf:1)
  A frost giant skeleton (D:15)
  A deep elf mage (Elf:3)
  3 slaves (D:8)
  3 necrophages (D:10)
  A wasp zombie (D:6)
  A human zombie (D:15)
  A killer bee zombie (D:5)
  A hound skeleton (D:8)
  A gnoll (D:5)
  An orc (Orc:1)
  4 jackals (D:1)
  A kobold (D:1)
  A ball python (D:1)
  44 wandering mushrooms
  2 ballistomycetes (D:15)
  A bush (Lair:8)
  63 fungi
  A lurking horror (Abyss:2)
  34 plants
  1087 toadstools
1257 creatures vanquished.

Grand Total: 2501 creatures vanquished

Notes
Turn   | Place    | Note
--------------------------------------------------------------
     0 | D:1      | M4edhros the Octopode Artificer began the quest for the Orb.
     0 | D:1      | Reached XP level 1. HP: 13/13 MP: 3/3
   310 | D:1      | Reached XP level 2. HP: 13/18 MP: 4/4
   672 | D:1      | Reached skill level 4 in Evocations
  1134 | D:1      | Reached XP level 3. HP: 23/23 MP: 6/6
  1434 | D:2      | Found a white marble altar of Elyvilon.
  1471 | D:3      | Noticed Natasha
  1630 | D:3      | Killed Natasha
  1630 | D:3      | Reached XP level 4. HP: 10/28 MP: 7/7
  1752 | D:3      | Noticed Natasha
  1767 | D:3      | Killed Natasha
  1875 | D:3      | Reached skill level 5 in Evocations
  1920 | D:3      | Noticed an ogre
  1940 | D:3      | Killed an ogre
  1940 | D:3      | Reached XP level 5. HP: 33/33 MP: 7/9
  1947 | D:3      | Noticed Robin
  1991 | D:3      | Killed Robin
  2175 | D:4      | Found a staircase to the Ecumenical Temple.
  2219 | Temple   | Entered the Ecumenical Temple
  2323 | Temple   | Became a worshipper of Xom of Chaos
  2336 | Temple   | Fell from the grace of Xom
  2336 | Temple   | Became a worshipper of Fedhas Madash
  2428 | D:4      | Reached skill level 5 in Stealth
  2488 | D:4      | XOM: 1-stop teleportation journey
  2493 | D:4      | Reached XP level 6. HP: 27/38 MP: 10/10
  2512 | D:4      | Noticed Crazy Yiuf
  2520 | D:4      | Killed Crazy Yiuf
  2520 | D:4      | Reached skill level 6 in Evocations
  2927 | D:3      | Noticed Natasha
  2940 | D:4      | Killed Natasha
  3359 | D:2      | XOM: give mutations
  3359 | D:2      | Gained mutation: Scrolls take you a little longer to read. [Xom's mischief]
  3359 | D:2      | Gained mutation: Your body sometimes deteriorates upon taking damage. [Xom's mischief]
  3773 | D:3      | Reached * piety under Fedhas
  4015 | D:3      | XOM: give mutations
  4015 | D:3      | Gained mutation: [You are dopey. (Int -2)] [Xom's mischief]
  4015 | D:3      | Gained mutation: You are partially covered in thin metallic scales (AC +2). [Xom's mischief]
  4015 | D:3      | Lost mutation: Your body sometimes deteriorates upon taking damage. [Xom's mischief]
  4057 | D:3      | XOM: medium Conj miscast
  4099 | D:3      | XOM: torment (5/38 hp)
  4296 | D:3      | Reached XP level 7. HP: 29/43 MP: 11/11
  4548 | D:4      | Reached skill level 1 in Invocations
  4551 | D:4      | Reached skill level 1 in Slings
  4719 | D:5      | Entered Level 5 of the Dungeon
  4786 | D:5      | Reached skill level 7 in Stealth
  4899 | D:5      | XOM: give mutations
  4899 | D:5      | Gained mutation: You are robust (+10% HP). [Xom's mischief]
  4899 | D:5      | Lost mutation: [You are dopey. (Int -2)] [Xom's mischief]
  4899 | D:5      | Gained mutation: You are agile. (Dex +2) [Xom's mischief]
  4899 | D:5      | Gained mutation: Your body sometimes deteriorates upon taking damage. [Xom's mischief]
  4931 | D:5      | Reached XP level 8. HP: 24/52 MP: 13/13
  4988 | D:5      | XOM: polymorph wandering mushroom -> oklob plant
  5091 | D:5      | Reached ** piety under Fedhas
  5507 | D:5      | Found Coompag's Antique Weapon Emporium.
  5722 | D:5      | XOM: enchant monster (good)
  5983 | D:6      | XOM: polymorph wandering mushroom -> oklob plant
  6006 | D:6      | XOM: 2-stop teleportation journey
  6053 | D:6      | Reached skill level 8 in Stealth
  6207 | D:6      | XOM: give mutations
  6207 | D:6      | Gained mutation: One of your tentacles bears a spike. [Xom's mischief]
  6207 | D:6      | Lost mutation: Scrolls take you a little longer to read. [Xom's mischief]
  6207 | D:6      | Gained mutation: You are partially covered in iridescent scales (AC +4). [Xom's mischief]
  6267 | D:6      | Noticed a two-headed ogre
  6378 | D:6      | Found a sparkling altar of Nemelex Xobeh.
  6393 | D:6      | Killed a two-headed ogre
  6769 | D:6      | Reached XP level 9. HP: 46/58 MP: 14/14
  6941 | D:6      | Reached skill level 5 in Slings
  7054 | D:7      | Found Nutteib's Assorted Antiques.
  7077 | D:7      | Reached *** piety under Fedhas
  7086 | D:7      | XOM: polymorph wandering mushroom -> oklob plant
  7119 | D:7      | Bought a tubular garnet ring for 130 gold pieces
  7119 | D:7      | Bought a metallic white potion for 23 gold pieces
  7119 | D:7      | Bought 2 fizzy black potions for 46 gold pieces
  7138 | D:7      | Found a flagged portal.
  7185 | Bailey   | Entered a bailey
  7440 | Bailey   | Found an iron altar of Okawaru.
  7501 | Bailey   | Got a smoking ice dragon armour
  7502 | Bailey   | Identified the cursed +0 ice dragon armour "Oqiroph" {rElec rF- rC++} (You found it in a bailey)
  7521 | Bailey   | Got an ancient plate armour
  7633 | D:7      | Reached skill level 9 in Stealth
  7763 | D:7      | Found a bloodstained altar of Trog.
  7922 | D:7      | Reached skill level 1 in Spellcasting
  7922 | D:7      | Reached skill level 5 in Invocations
  7976 | D:7      | Found a sacrificial altar of Ru.
  8064 | D:7      | XOM: harmless Pois miscast
  8260 | D:7      | Reached **** piety under Fedhas
  8335 | D:7      | XOM: harmless Summ miscast
  8411 | D:7      | XOM: harmless Chrm miscast
  8648 | D:8      | Noticed Pikel
  8658 | D:8      | Killed Pikel
  8764 | D:8      | Reached XP level 10. HP: 42/63 MP: 16/16
  8791 | D:8      | Reached skill level 5 in Dodging
  9107 | D:8      | Noticed cireshan's ghost (novice DECj)
  9119 | D:8      | Killed cireshan's ghost
  9605 | D:8      | XOM: harmless Hex miscast
  9908 | D:9      | Noticed George's ghost (novice DsFi)
  9938 | D:9      | Killed George's ghost
  9938 | D:9      | Reached skill level 10 in Stealth
  9956 | D:9      | XOM: harmless Pois miscast
 10050 | D:9      | Found a burning altar of Makhleb.
 10056 | D:9      | Found a glowing silver altar of Zin.
 10056 | D:9      | Noticed an angel
 10056 | D:9      | Noticed a blizzard demon
 10403 | D:9      | Found a staircase to the Lair.
 10443 | D:9      | XOM: mild Trmt miscast
 10601 | D:9      | Reached skill level 1 in Shields
 10673 | D:10     | Entered Level 10 of the Dungeon
 10673 | D:10     | Noticed stickyfingers's ghost (journeyman VSAs)
 10781 | D:10     | XOM: silly message
 10910 | Lair:1   | Entered Level 1 of the Lair of Beasts
 11224 | Lair:1   | Identified a cursed +1 rod of inaccuracy (14/14) (You found it on level 1 of the Lair of Beasts)
 11362 | Lair:1   | XOM: silly message
 11362 | Lair:1   | Was forgiven by Xom
 11564 | Lair:1   | Reached XP level 11. HP: 69/69 MP: 17/17
 12288 | Lair:2   | Got a sapphire rapier
 12289 | Lair:2   | Identified the +1 rapier "Demon's Regret" {flame, +Blink +Fly} (You found it on level 2 of the Lair of Beasts)
 12325 | Lair:2   | Learned a level 3 spell: Mephitic Cloud
 12328 | Lair:2   | Learned a level 2 spell: Repel Missiles
 12332 | Lair:2   | Learned a level 3 spell: Conjure Flame
 12482 | Lair:2   | Reached skill level 1 in Air Magic
 12599 | Lair:2   | Reached skill level 11 in Stealth
 12687 | Lair:2   | Reached skill level 1 in Fire Magic
 12688 | Lair:2   | Reached ***** piety under Fedhas
 12912 | Lair:2   | Reached skill level 1 in Conjurations
 12912 | Lair:2   | Reached skill level 1 in Poison Magic
 13399 | Lair:3   | Reached skill level 1 in Charms
 13623 | Lair:3   | Reached XP level 12. HP: 40/74 MP: 19/19
 13650 | Lair:3   | Reached skill level 5 in Spellcasting
 14037 | Lair:3   | Noticed a death yak
 14038 | Lair:3   | Noticed a death yak
 14039 | Lair:3   | Noticed a death yak
 14075 | Lair:3   | Killed a death yak
 14104 | Lair:3   | Reached skill level 10 in Evocations
 14108 | Lair:3   | Killed a death yak
 14108 | Lair:3   | Reached skill level 5 in Shields
 14116 | Lair:3   | Killed a death yak
 14856 | Lair:4   | Noticed a five-headed hydra
 14870 | Lair:4   | Killed a five-headed hydra
 14870 | Lair:4   | Reached skill level 12 in Stealth
 15470 | Lair:5   | Found a hole to the Spider Nest.
 15509 | Lair:5   | Noticed a four-headed hydra
 15512 | Lair:5   | Killed a four-headed hydra
 15536 | Lair:5   | Reached ****** piety under Fedhas
 15722 | Lair:5   | Reached XP level 13. HP: 44/79 MP: 22/22
 16048 | Lair:5   | Found a staircase to the Shoals.
 16139 | Lair:5   | You fall through a shaft!
 17256 | Lair:6   | Reached skill level 13 in Stealth
 17983 | Lair:7   | Noticed Rupert
 18004 | Lair:7   | Killed Rupert
 18282 | Lair:7   | Reached XP level 14. HP: 77/86 MP: 24/24
 18556 | Lair:7   | Noticed crawlian's ghost (journeyman DrMo)
 18573 | Lair:7   | Killed crawlian's ghost
 18775 | Lair:7   | Learned a level 1 spell: Summon Butterflies
 18845 | Lair:7   | Found a viscous altar of Jiyva.
 18845 | Lair:7   | Found a staircase to the Slime Pits.
 19127 | Lair:8   | Entered Level 8 of the Lair of Beasts
 20880 | D:10     | Killed stickyfingers's ghost
 21993 | D:11     | Reached skill level 5 in Charms
 22279 | D:12     | Found a staircase to the Orcish Mines.
 22406 | D:12     | Found a blossoming altar of Fedhas.
 22698 | D:12     | Reached skill level 14 in Stealth
 22844 | D:13     | Reached XP level 15. HP: 95/95 MP: 27/27
 22848 | D:13     | Reached skill level 5 in Air Magic
 23105 | D:13     | Identified a scroll of acquirement
 23106 | D:13     | Got an ancient hat
 23112 | D:13     | Identified the +0 hat "Maghys" {MP+9 Str+4} (You acquired it on level 13 of the Dungeon)
 23197 | D:13     | Reached skill level 10 in Slings
 23207 | D:13     | Gained mutation: You are partially covered in rugged brown scales (AC +1, +3% HP). [potion of beneficial mutation]
 23574 | D:13     | Learned a level 6 spell: Poisonous Cloud
 23581 | D:13     | Found a gate to the Vaults.
 24048 | D:14     | Found Oggaut's Gadget Emporium.
 24110 | D:14     | Found a frozen archway.
 24127 | IceCv    | Entered an ice cave
 25227 | D:14     | Found Piut Judgh's Antique Armour Shoppe.
 25333 | D:14     | Noticed a tengu reaver
 25344 | D:14     | Killed a tengu reaver
 25344 | D:14     | Reached skill level 5 in Conjurations
 25671 | D:14     | Found Ofoe's Jewellery Shoppe.
 26049 | D:15     | Entered Level 15 of the Dungeon
 26124 | D:15     | Found a glowing golden altar of the Shining One.
 26283 | D:15     | Noticed Azrael
 26307 | D:15     | Killed Azrael
 26687 | D:15     | Found a staircase to the Depths.
 26811 | D:14     | Reached XP level 16. HP: 75/109 MP: 29/29
 26829 | D:14     | Gained mutation: You can translocate small distances at will. [mutagenic meat]
 26831 | D:14     | Gained mutation: Your spells are a little harder to cast, but a little more powerful. [mutagenic meat]
 27006 | Orc:1    | Entered Level 1 of the Orcish Mines
 27014 | Orc:1    | Noticed Fannar
 27021 | Orc:1    | Killed Fannar
 27323 | Orc:1    | Found a roughly hewn altar of Beogh.
 27478 | Orc:1    | Paralysed by an orc sorcerer for 5 turns
 27730 | Orc:2    | Found a roughly hewn altar of Beogh.
 28246 | Orc:4    | Entered Level 4 of the Orcish Mines
 28246 | Orc:4    | Noticed M4edhros's ghost (journeyman OpAr)
 28251 | Orc:4    | Killed M4edhros's ghost
 28302 | Orc:4    | Reached skill level 5 in Fighting
 28490 | Orc:4    | Found Vaixzuff's Antique Weapon Emporium.
 28501 | Orc:4    | Bought a glowing hunting sling for 45 gold pieces
 28556 | Orc:4    | Found Yshaic's Book Shop.
 28839 | Orc:4    | Found Voyl's General Store.
 28880 | Orc:4    | Found Munom's Antique Armour Emporium.
 28888 | Orc:4    | Bought a shiny shield for 135 gold pieces
 29107 | Orc:4    | Found a burning altar of Makhleb.
 29398 | D:12     | Gained mutation: You are very robust (+20% HP). [mutagenic meat]
 29400 | D:12     | Gained mutation: You are weak. (Str -2) [mutagenic meat]
 29401 | D:12     | Lost mutation: You are weak. (Str -2) [mutagenic meat]
 29490 | D:14     | Bought a +2 rod of shadows (14/14) for 1656 gold pieces
 30592 | Orc:3    | Found a staircase to the Elven Halls.
 30985 | Elf:1    | Entered Level 1 of the Elven Halls
 30985 | Elf:1    | Noticed Nikola
 30994 | Elf:1    | Killed Nikola
 30995 | Elf:1    | Reached skill level 5 in Poison Magic
 31436 | Elf:1    | Noticed a deep elf blademaster
 31465 | Elf:1    | Killed a deep elf blademaster
 31558 | Elf:1    | Identified the Almanac of the Assistive Compass
 31677 | Elf:1    | Found Vaddagru's Food Boutique.
 31684 | Elf:1    | Bought 4 fruits for 84 gold pieces
 31866 | Elf:1    | Reached skill level 15 in Stealth
 31910 | Elf:1    | Learned a level 6 spell: Statue Form
 31915 | Elf:1    | Learned a level 4 spell: Leda's Liquefaction
 31922 | Elf:1    | Learned a level 6 spell: Iron Shot
 32203 | Elf:2    | Found a flickering gateway to a bazaar.
 32271 | Bazaar   | Entered a bazaar
 32289 | Bazaar   | Found Lecwatec's Distillery.
 32319 | Bazaar   | Found Userch's Distillery.
 32336 | Bazaar   | Found Kiseniu's Gadget Emporium.
 32358 | Bazaar   | Found Ruevvoyfi's Gadget Emporium.
 32366 | Bazaar   | Bought a -3 lightning rod (13/13) for 1425 gold pieces
 32451 | Elf:3    | Entered Level 3 of the Elven Halls
 32535 | Elf:3    | Reached XP level 17. HP: 36/126 MP: 30/30
 32543 | Elf:3    | Got a coiled platinum ring
 32568 | Elf:3    | Identified the ring of Xomi {+/*Tele rF+ Int+8 SInv} (You found it on level 3 of the Elven Halls)
 32728 | Elf:3    | Reached skill level 10 in Shields
 32920 | Elf:3    | Found a flickering gateway to a bazaar.
 32999 | Bazaar   | Entered a bazaar
 33003 | Bazaar   | Found Sig Peos's Armour Boutique.
 33021 | Bazaar   | Found Siyreged's General Store.
 33039 | Bazaar   | Found Gywimn's Armour Boutique.
 33061 | Bazaar   | Found Rauxif's Antique Weapon Shoppe.
 33169 | Elf:3    | Noticed a deep elf master archer
 33171 | Elf:3    | Noticed a deep elf blademaster
 33210 | Elf:3    | Killed a deep elf blademaster
 33218 | Elf:3    | Killed a deep elf master archer
 33219 | Elf:3    | Noticed a deep elf blademaster
 33220 | Elf:3    | Noticed a deep elf blademaster
 33232 | Elf:3    | Reached skill level 10 in Invocations
 33248 | Elf:3    | Killed a deep elf blademaster
 33297 | Elf:3    | Cast into level 2 of the Abyss (a deep elf sorcerer)
 33510 | Elf:3    | Escaped the Abyss
 33513 | Elf:3    | Killed from afar by a deep elf sorcerer

Vault maps used:
D:1:      matt_arrival_refuge, lemuel_flame_loot_1
D:2:      marbit_many_paths
D:3:      uniq_natasha, uniq_robin
D:4:      minmay_temple_entry_fiery, uniq_crazy_yiuf_cottage
D:5:      lemuel_castle_with_subvaults, serial_shops, shop, first_bread
D:6:      nemelex_diamond_rough_becter
D:7:      trog_eyes_of_draining, kennysheep_mini_moat, serial_shops, shop_coins,
          lightli_bailey_entry_fortress
D:8:      uniq_pikel
D:9:      grunt_temple_overflow_order_and_chaos_2, minmay_lair_entry_lava,
          hex_large
D:11:     hangedman_fish_farm, minmay_statues_item
D:12:     orc_0_dummy, fedhas_altar_3
D:13:     grunt_vaults_entry_tiered
D:14:     minmay_outward_triangles, portal_ice_cave_entry_pillars_02,
          serial_shops, kennysheep_mini, shop,
          nicolae_shop_temple_entry_statues_fountains, nrook_mini_vaults
D:15:     gammafunk_depths_entry_grave, nicolae_tso_carved_into_rock,
          lemuel_mausoleum_altar_yredelemnul, uniq_azrael
Temple:   eino_wide_crystal_templ_15
Lair:2:   cheibrodos_lair_reptile_den
Lair:3:   serial_bayou_shore_b
Lair:4:   serial_bayou_shore_a, grunt_megastairs_2
Lair:5:   elwin_shoals_entry_stream, spider_nest_entry_a
Lair:6:   st_stairs_13
Lair:7:   dpeg_slime_entry_enclosed_altar, serial_bayou_shore_b,
          serial_bayou_shore_b, uniq_rupert
Lair:8:   minmay_lair_end_frog_pond
Orc:1:    nicolae_orc_accident_2, uniq_fannar
Orc:2:    basic_altar, mines_bat_river
Orc:3:    lemuel_ogre_cave, nicolae_orc_pool_cavern
Orc:4:    grunt_orc_gardens, grunt_orc_garden, grunt_orc_garden,
          grunt_orc_garden, grunt_orc_garden, basic_altar,
          nicolae_orc_tapped_out
Elf:1:    serial_shops, nicolae_shop_behind_doors, minivault_28, uniq_nikola
Elf:2:    serial_shops, bzr_entry_islet, hangedman_elven_pyramids
Elf:3:    minmay_elf_hall, serial_shops, bzr_entry_customers, serial_glass,
          glass_columns_c, glass_columns_a, due_unseen_surprise
Abyss:2:  evilmike_abyss_exit_chaos, hangedman_abyss_or_decor_clamps,
          minivault_13
Bazaar:   dpeg_bazaar_wands, bazaar_jpeg_circle_common
Bailey:   bailey_axe_3, bailey
IceCv:    ice_cave_tombish

Action                   |  1- 3 |  4- 6 |  7- 9 | 10-12 | 13-15 | 16-18 || total
-------------------------+-------+-------+-------+-------+-------+-------++-------
Melee: Short sword       |    65 |    40 |    21 |       |       |       ||   126
       Mace              |       |    58 |   327 |    33 |       |       ||   418
       Trident           |       |       |       |   173 |   457 |   366 ||   996
       Rapier            |       |       |       |   132 |   110 |    20 ||   262
       Rod               |       |       |       |     3 |    18 |     7 ||    28
 Fire: Hunting sling     |       |       |    23 |   223 |   305 |   207 ||   758
 Cast: Mephitic Cloud    |       |       |       |       |    11 |    37 ||    48
       Repel Missiles    |       |       |       |       |       |     1 ||     1
Invok: Evolution         |       |       |    14 |    12 |    22 |    20 ||    68
       Sunlight          |       |       |     2 |    22 |    79 |    44 ||   147
       Reproduction      |       |       |       |       |     1 |     9 ||    10
       Rain              |       |       |       |       |       |     4 ||     4
 Abil: Evoke Flight      |       |       |       |       |       |     1 ||     1
Evoke: Wand              |       |    13 |     3 |     7 |    17 |     6 ||    46
       Rod               |       |       |       |    43 |   239 |   104 ||   386
  Use: Scroll            |     5 |       |     7 |    13 |    16 |     6 ||    47
       Potion            |     4 |     2 |     7 |     3 |     6 |    10 ||    32
 Stab: Sleeping          |    11 |    11 |    15 |    40 |    45 |    17 ||   139
       Confused          |       |       |     2 |     1 |     8 |     5 ||    16
       Distracted        |       |       |     1 |     2 |     1 |     2 ||     6
  Eat: Chunk             |     2 |     4 |     1 |       |     6 |    16 ||    29
       Beef jerky        |       |     2 |       |     1 |     1 |       ||     4
       Royal jelly       |       |       |     1 |     2 |     1 |     1 ||     5
       Meat ration       |       |       |     3 |     2 |     7 |     3 ||    15
       Bread ration      |       |       |       |     2 |     1 |     1 ||     4
       Pizza             |       |       |       |     1 |       |       ||     1
